 Dungeon Crawl Stone Soup version 0.31.0-9-g3a7656b989 (console) character file.

Game seed: 15078470063105959172

142 AlterAsc the Ruffian (level 5, 0/40 HPs)
             Began as a Draconian Shapeshifter on Jan 24, 2024.
             Slain by a gnoll
             ... wielding a +2 spear of venom
              (7 damage)
             ... on level 2 of the Dungeon.
             The game lasted 00:02:51 (1359 turns).

AlterAsc the Ruffian (Draconian Shapeshifter)       Turns: 1359, Time: 00:02:51

Health: 0/40       AC:  5    Str: 18    XL:     5   Next: 4%
Magic:  5/5        EV: 17    Int: 11    God:
Gold:   63         SH:  0    Dex: 10    Spells: 4/4 levels left

rFire   . .          .
                       - Unarmed
rCold   . . .        (no shield)
rNeg    . . .        (body armour unavailable)
rPois   .            (helmet currently unavailable)
rElec   .            (cloak currently unavailable)
rCorr   .            (gloves currently unavailable)
SInv    .            (boots currently unavailable)
Will    .....        (no amulet)
Stlth   +            k - +5 ring of evasion
HPRegen 0.26/turn    (no ring)
MPRegen 0.09/turn

%: no passive effects
@: beast-form
A: beast (slay +1), AC +5, unfitting armour, cold-blooded
a: Begin Untransformation


You were on level 2 of the Dungeon.
You were a hulking beast.
You visited 1 branch of the dungeon, and saw 2 of its levels.

You collected 89 gold pieces.
You spent 26 gold pieces at shops.

Inventory:

Missiles
 i - 2 poisoned darts (quivered)
 j - 10 stones
Jewellery
 k - a +5 ring of evasion (left hand)
 m - a ring of fire
Talismans
 b - a beast talisman
 c - a flux talisman
Scrolls
 a - a scroll of revelation {unknown}
 e - a scroll of enchant weapon
 g - a scroll of enchant armour
 h - a scroll of identify
 n - a scroll of teleportation {unknown}
Potions
 d - 2 potions of brilliance {unknown}
 f - a potion of degeneration {unknown}
 l - a potion of enlightenment {unknown}


   Skills:
 - Level 1.1 Fighting
 - Level 1.7 Dodging
 + Level 5.8 Unarmed Combat
 - Level 3.0 Shapeshifting


You had 4 spell levels left.
You didn't know any spells.
Your spell library was empty.

Dungeon Overview and Level Annotations

Branches:
Dungeon (2/15)

Altars:

Shops:
D:1 !?


Innate Abilities, Weirdness & Mutations

You are a hulking beast.
Your limbs bulge with bestial killing power. (Slay +1)
Your plain brown scales are hard. (AC +5)
You cannot fit into any form of body armour.
You are cold-blooded and may be slowed by cold attacks.


Message History

No target in view!
Things that are here:
a +0 dagger; a goblin corpse
Things that are here:
a +0 whip; a kobold corpse
n - a scroll labelled UPODATU JIYZYI
Found a spear.
j - 10 stones (gained 1) 2 gnolls come into view.
A gnoll comes into view. It is wielding a +0 halberd.
The gnoll shouts!
The gnoll shouts!
You hear a shout!
There are monsters nearby!
You start waiting.
A gnoll is nearby!
You hit the gnoll. You tail-slap the gnoll.
The gnoll is severely wounded.
The gnoll hits you with a +0 whip.
You hit the gnoll.
The gnoll is almost dead.
You hit the gnoll.
You kill the gnoll!
The gnoll hits you with a +0 halberd! The gnoll closely misses you.
You punch the gnoll!
The gnoll is severely wounded.
The gnoll barely misses you. The gnoll closely misses you.
You hit the gnoll.
You kill the gnoll!
A gnoll comes into view. It is wielding a +2 spear of venom.
The gnoll hits you from afar with a +0 halberd!
* * * LOW HITPOINT WARNING * * *
You have reached level 5!
Okay, then.
Okay, then.
Unknown command.
The gnoll hits you from afar with a +2 spear of venom.
* * * LOW HITPOINT WARNING * * *
The gnoll attacks as it pursues you!
The gnoll hits you from afar with a +2 spear of venom!
You die...

................................
#.#...##.#....##.#.....#)#######
#.#..###.#....##..........#######
.....# #.#.......#.>#...)........
#.##.# #.#..#.##.#..##.#..######
#.##.###.#..#.##.#..##.#..#######
.........#......................#
#.#..##.................#.##.####
...<.# #..#.##.#..#..##.# #
....... ..............##.#
#.#...## #.##.##h#..#..##.#
#.....# ........).....##.#
........ ..##....g.....##.#
###...#. ########)##.###.# . ...
..gg.g...##.# # ########## .#


You could see a gnoll.

Vanquished Creatures
  Natasha (thrice) (D:2)
  2 gnolls (D:2)
  An adder (D:2)
  2 dart slugs (D:1)
  4 ball pythons (D:1)
  6 endoplasms
  2 giant cockroaches (D:1)
  5 hobgoblins
  3 jackals (D:1)
  2 bats (D:1)
  3 goblins (D:2)
  A kobold (D:2)
  2 rats (D:2)
36 creatures vanquished.

Notes
Turn   | Place    | Note
-------+----------+-------------------------------------------
     0 | D:1      | AlterAsc the Draconian Shapeshifter began the quest for the
                  | Orb.
     0 | D:1      | Reached XP level 1. HP: 16/16 MP: 1/1
    67 | D:1      | Found Xipt's Distillery.
    77 | D:1      | Found Liedumaen's Antique Armour Shop.
   165 | D:1      | Reached XP level 2. HP: 20/23 MP: 2/2
   251 | D:1      | Found a faded altar of an unknown god.
   435 | D:1      | Reached skill level 4 in Unarmed Combat
   519 | D:1      | Found Qujoshai's Magic Scroll Shop.
   522 | D:1      | Bought a scroll of identify for 26 gold pieces
   833 | D:2      | Reached XP level 3. HP: 28/28 MP: 3/3
   942 | D:2      | Noticed Natasha
   954 | D:2      | Killed Natasha
  1015 | D:2      | Noticed Natasha
  1026 | D:2      | HP: 2/42 [cerulean imp/+2 spear[Natasha] (5)]
  1027 | D:2      | Killed Natasha
  1028 | D:2      | Reached skill level 5 in Unarmed Combat
  1028 | D:2      | Reached XP level 4. HP: 3/35 MP: 4/4
  1033 | D:2      | Noticed Natasha
  1041 | D:2      | Killed Natasha
  1358 | D:2      | Reached XP level 5. HP: 7/40 MP: 5/5
  1359 | D:2      | Slain by a gnoll

Illustrated notes

Levels and vault maps discovered:
D:1:      erik_arrival_triangle_medium, layout_basic, serial_shops, shop,
          nicolae_shop_behind_doors, nicolae_shop_tiny_waterfront,
          ebering_ecumenical_altar_rust
D:2:      layout_basic, uniq_jessica, uniq_natasha

Skill      XL: |  1  2  3 |
---------------+----------+-----
Unarmed Combat | 4 5 |  5.8
Fighting       | |  1.1
Dodging        | |  1.7
Shapeshifting  | |  3.0

Action                     |  1- 3 |  4- 6 || total
---------------------------+-------+-------++-------
  Melee: Unarmed           |    67 |    15 ||    82
         Tailslap          |     7 |     1 ||     8
    Use: Scroll            |     2 |       ||     2
         Potion            |     1 |       ||     1
   Stab: Sleeping          |     3 |       ||     3
 Armour: Skin              |    40 |    10 ||    50
  Dodge: Dodged            |    45 |     7 ||    52
